 Dungeon Crawl Stone Soup version 0.19-a0-1049-g462a813 (webtiles) character file.

790 mrath the Digger (level 7, -1/36 HPs)
             Began as a Gargoyle Earth Elementalist on July 31, 2016.
             Slain by Duvessa
             ... wielding a +0 rapier
              (14 damage)
             ... on level 5 of the Dungeon.
             The game lasted 00:33:50 (7009 turns).

mrath the Digger (Gargoyle Earth Elementalist)      Turns: 7009, Time: 00:33:50

Health: -1/36      AC: 12    Str: 12    XL:     7   Next: 87%
Magic:  3/16       EV: 12    Int: 17    God:
Gold:   246        SH:  0    Dex: 10    Spells: 2 memorised, 14 levels left

rFire  . . .     SeeInvis .     o - +2 flail (protect)
rCold  . . .     Gourm    .     c - +0 robe
rNeg   + . .     Faith    .     (no shield)
rPois  ∞         Spirit   .     (no helmet)
rElec  +         Dismiss  .     (no cloak)
rCorr  .         Reflect  .     h - +0 pair of gloves
SustAt .         Harm     .     (no boots)
MR     .....                    (no amulet)
Stlth  ++........               (no ring)
                                (no ring)

@: not resistant to hostile enchantments, unstealthy
A: negative energy resistance 1, electricity resistance, unbreathing,
petrification resistance, rot immunity, AC +4
a: no special abilities


You were on level 5 of the Dungeon.
You were hungry.

You visited 1 branch of the dungeon, and saw 5 of its levels.

You collected 246 gold pieces.

Inventory:

Hand Weapons
 o - a +2 flail of protection (weapon)
 A - a +0 hunting sling
 D - a +1 dagger of electrocution
 H - a +0 morningstar
Missiles
 b - 135 stones
 k - 35 sling bullets
 F - 2 tomahawks
 G - 2 steel tomahawks (quivered)
Armour
 c - a +0 robe (worn)
 h - a +0 pair of gloves (worn)
Scrolls
 a - 2 scrolls of enchant weapon
 g - 2 scrolls of teleportation {unknown}
 l - 3 scrolls of blinking {unknown}
 n - 5 scrolls of remove curse
 p - 4 scrolls of identify
 t - 2 scrolls of immolation {unknown}
 u - 2 scrolls of noise {unknown}
 x - 2 scrolls of random uselessness {unknown}
Potions
 f - a potion of brilliance
 i - a potion of invisibility
 m - 2 potions of heal wounds {unknown}
 q - 2 potions of berserk rage
 r - a potion of mutation {unknown}
 s - a potion of ambrosia {unknown}
 z - a potion of magic {unknown}
 B - a potion of curing {unknown}
 C - a potion of agility {unknown}
Books
 e - a book of Geomancy

   Spells                             Type                      Level
   a - Sandblast                      Earth                        1
   b - Passwall                       Transmutation/Earth          2
   c - Stone Arrow                    Conjuration/Earth            3
   d - Petrify                        Transmutation/Earth          4
   e - Lee's Rapid Deconstruction     Earth                        5
Comestibles
 d - 6 bread rations
 j - 2 chunks of flesh
 w - a meat ration
 E - 2 fruits


   Skills:
 - Level 1.5 Dodging
 - Level 2.1 Stealth
 * Level 6.1 Spellcasting
 + Level 3.8 Conjurations
   Level 0.7 Transmutations
 + Level 6.1 Earth Magic


You had 14 spell levels left.
You knew the following spells:

 Your Spells              Type           Power        Failure   Level  Hunger
a - Sandblast             Erth           ####..       1%          1    None
b - Stone Arrow           Conj/Erth      ###...       6%          3    ##.....


Dungeon Overview and Level Annotations

Branches:
Dungeon (5/15)
 Temple: D:4-7

Altars:
Cheibriados
Gozag
Zin

Shops:
D:2 *

Annotations:
D:5 Duvessa, Menkaure


Innate Abilities, Weirdness & Mutations

You are resistant to torment.
Your stone body is resilient. (AC +4)
You are immune to poison.
You resist negative energy. (rN+)
You are resistant to electric shocks. (rElec)
You can survive without breathing.
You are immune to petrification.
You are immune to rotting.


Message History

Confirm with . or Enter, or press ? or * to list all spells.
You don't have enough magic to cast that spell.
Unknown command.
You hit Duvessa.
Duvessa is heavily wounded.
Duvessa barely misses you. x2
You sock Duvessa!
Duvessa is heavily wounded.
Duvessa barely misses you. Duvessa hits you with a rapier.
You hit Duvessa.
Duvessa is severely wounded.
Duvessa hits you with a rapier! x2
You sock Duvessa!
Duvessa is severely wounded.
Duvessa hits you with a rapier. Duvessa hits you but does no damage.
You closely miss Duvessa.
Duvessa is severely wounded.
Duvessa misses you. Duvessa closely misses you. Duvessa hits you with a rapier!
You die...

#...# #.# # #.#.# #.# #
#.#.#### #.# #
..#....##########.# #
#######....#.......########
#....##.#.####..........
#.#####.# ##.######## # #.#
#.. #@# #### # #e# #.# #)#
#.# #.# #.# #.............
........##.####


You could see Duvessa (berserk).

Vanquished Creatures
  Edmund (D:4)
  An ogre (D:5)
  Dowan (D:5)
  A scorpion (D:4)
  A crimson imp (D:3)
  A hound (D:4)
  3 giant frog skeletons
  An orc priest (D:4)
  2 orc wizards
  3 worker ants
  8 adders
  An adder skeleton (D:4)
  4 worms
  A dart slug (D:2)
  2 giant geckos
  11 orcs
  9 bats
  5 giant cockroaches
  10 goblins
  8 hobgoblins
  2 jackals (D:2)
  2 quokkas
  2 ball pythons
  9 giant newts
  A jackal skeleton (D:4)
  9 kobolds
  6 rats
105 creatures vanquished.

Notes
Turn   | Place    | Note
-------+----------+-------------------------------------------
     0 | D:1      | mrath the Gargoyle Earth Elementalist began the quest for the Orb.
     0 | D:1      | Reached XP level 1. HP: 10/10 MP: 3/3
   236 | D:1      | Reached XP level 2. HP: 13/15 MP: 3/5
  1174 | D:1      | Reached XP level 3. HP: 19/19 MP: 7/7
  1179 | D:1      | Learned a level 3 spell: Stone Arrow
  1438 | D:2      | Found an opulent altar of Gozag.
  1505 | D:2      | Found Zin's Purification Station.
  1506 | D:2      | Found a glowing silver altar of Zin.
  1744 | D:2      | Found a snail-covered altar of Cheibriados.
  2161 | D:2      | Reached XP level 4. HP: 22/24 MP: 4/8
  2751 | D:3      | Reached skill level 1 in Conjurations
  3286 | D:2      | Reached XP level 5. HP: 21/28 MP: 1/10
  4390 | D:4      | Reached skill level 5 in Earth Magic
  4390 | D:4      | Reached XP level 6. HP: 32/32 MP: 5/12
  5092 | D:4      | Noticed a slave
  5215 | D:4      | Reached skill level 5 in Spellcasting
  5546 | D:5      | Entered Level 5 of the Dungeon
  5546 | D:5      | Noticed Menkaure
  5546 | D:5      | Noticed Duvessa
  5548 | D:5      | Noticed Dowan
  5667 | D:5      | Noticed Edmund
  5999 | D:4      | Killed Edmund
  5999 | D:4      | Reached XP level 7. HP: 23/36 MP: 0/15
  7000 | D:5      | Killed Dowan
  7009 | D:5      | Slain by Duvessa

Vault maps used:
D:1:      dpeg_arrival_tiny_i, serial_forest, infiniplex_forest_end_double,
          infiniplex_forest_clump_C, infiniplex_forest_join,
          infiniplex_forest_lined_room_2, infiniplex_forest_lined_room_2,
          infiniplex_forest_straight_3, minmay_liquid_box, minmay_tromino_v4_c
D:2:      zin_purify, grunt_gozag_statues, cheibriados_altar_1
D:3:      minmay_door_path, first_bread, kennysheep_doodads, patterned_corridor
D:4:      kennysheep_six_static_rooms, uniq_pikel
D:5:      uniq_menkaure, uniq_edmund, uniq_duvessa

Skill      XL: |  1  2  3  4  5  6  7 |
---------------+----------------------+-----
Earth Magic    | 4 5 6 |  6.1
Spellcasting   | 3 4 5 6 |  6.1
Conjurations   | 1 2 3 |  3.8
Dodging        | |  1.5
Stealth        | |  2.1
Transmutations | |  0.7

Action                   |  1- 3 |  4- 6 |  7- 9 || total
-------------------------+-------+-------+-------++-------
Melee: Hand axe          |    74 |    82 |       ||   156
       Unarmed           |     1 |       |       ||     1
       Dagger            |       |    34 |       ||    34
       Flail             |       |       |    20 ||    20
 Cast: Sandblast         |    53 |    61 |       ||   114
       Stone Arrow       |       |    29 |    20 ||    49
  Use: Scroll            |       |     6 |       ||     6
 Stab: Sleeping          |     3 |     5 |       ||     8
  Eat: Chunk             |     4 |    13 |     3 ||    20
       Beef jerky        |       |     1 |       ||     1
       Fruit             |       |       |     1 ||     1
Armor: Robe              |    38 |    56 |    18 ||   112
Dodge: Dodged            |    56 |    91 |    29 ||   176
